[Event "IX Famalicao Open 2022"]
[Site "Vila Nova de Famalicao"]
[Date "2022.07.27"]
[Round "6.9"]
[White "Almeida, Joao Pedro Dias"]
[Black "Campora, Daniel H."]
[Result "0-1"]
[ECO "A85"]
[WhiteElo "1695"]
[BlackElo "2397"]
[Annotator "TA"]
[PlyCount "70"]
[EventDate "2022.07.25"]
[EventType "tourn"]
[EventCountry "POR"]
[SourceTitle "playchess.com"]
[Source "ChessBase"]
[SourceQuality "1"]
[TimeControl "5400+30"]

1. d4 f5 2. c4 Nf6 3. Nc3 g6 4. Nf3 Bg7 5. e3 e6 6. Be2 {[%emt 0:00:21] A85: Dutch Defence: 2 c4 Nf6 3 Nc3.} O-O 7. O-O d6 8. Qc2 {[%emt 0:01:12] [#] White has an edge.} Qe8 $146 ({Predecessor:} 8... Nc6 9. a3 Qe7 10. b4 e5 11. Nd5 Nxd5 12. cxd5 exd4 13. dxc6 d3 14. Bxd3 Bxa1 15. Qa2+ Be6 16. Qxa1 bxc6 17. Nd4 Bd5 18. Qc3 Qg5 19. e4 {1-0 (19) Schreck,R (2142)-Watzlawek,M (2044) Germany 2016}) 9. b3 Nc6 10. Ba3 a5 11. Nb5 Qd8 12. Rac1 Nb4 13. Bxb4 (13. Qb1 $11) 13... axb4 $15 14. c5 Ne4 15. c6 (15. cxd6 $2 c6 16. Nd2 (16. Nc7 $2 Ra5 $19) 16... cxb5 17. Nxe4 fxe4 $19) (15. a4 $15) 15... bxc6 $17 16. Qxc6 Rxa2 17. Bd3 Bd7 $36 {[%emt 0:01:24][%mdl 2048] Black is really pushing.} 18. Qxc7 Bxb5 {[%emt 0:00:47] Black is more active.} 19. Bxb5 Nc3 (19... Qxc7 $1 $17 20. Rxc7 Bh6) 20. Qc4 Ne2+ 21. Kh1 (21. Qxe2 $17 Rxe2 22. Bxe2) 21... Nxc1 $19 22. Qxe6+ Kh8 23. Rxc1 Qa5 $2 ({Better is} 23... Rxf2 $19 {...Rb2 is the strong threat.} 24. Ra1 Rb2) 24. Ba4 (24. Bc4 $15) 24... Qa6 (24... Rxf2 $142 {And now ...Qd8 would win.} 25. Qxd6 f4 26. exf4 Qf5) 25. Ng5 {[%emt 0:07:38] [#]} Rc2 $3 26. Rg1 {[%emt 0:01:25] [#]} (26. Re1 h6) 26... h6 $1 (26... Rxf2 $6 27. Nf7+ Rxf7 28. Qxf7 $11) 27. Nf7+ Kh7 28. Be8 Rc7 ({Weaker is} 28... Qc8 29. Bd7 Qc3 30. Nxd6 Rxf2 31. Ne8) (28... Qa8 $19 {is more deadly.} 29. Bb5 (29. Nxd6 $2 Rf6 $19) 29... Qb8) 29. g4 $2 (29. Ne5 $17 Rf6 30. Bxg6+ Kh8 31. Qe8+ (31. Nf7+ $2 Rcxf7 32. Qd5 Rf8 $19) 31... Bf8 32. Qd8 dxe5 33. Qxc7 Rxg6 34. Qxe5+ Qf6 35. Qxf6+ Rxf6 36. Rc1) 29... Qb7+ 30. d5 {[%emt 0:00:15] [#]} Rcxf7 (30... Rxe8 $142 $1 31. Nxd6 Rxe6 32. Nxb7 Re5) 31. gxf5 {[%emt 0:03:08] [#]} gxf5 32. Bxf7 (32. Qg6+ Kg8) 32... Rxf7 33. Qxd6 Rf6 34. Qe5 (34. Qc5 {was the only chance.}) 34... Qd7 35. Rd1 $2 (35. e4) 35... Rd6 {[%emt 0:00:41] Weighted Error Value: White=0.59/Black=0.52} 0-1

[Event "IX Famalicao Open 2022"]
[Site "Vila Nova de Famalicao"]
[Date "2022.07.27"]
[Round "6.10"]
[White "Dias, Ivo Rodrigues"]
[Black "Santos, Jose Miguel Sereno"]
[Result "1-0"]
[ECO "B12"]
[WhiteElo "2133"]
[BlackElo "1850"]
[Annotator "TA"]
[PlyCount "83"]
[EventDate "2022.07.25"]
[EventType "tourn"]
[EventCountry "POR"]
[SourceTitle "playchess.com"]
[Source "ChessBase"]
[SourceQuality "1"]
[TimeControl "5400+30"]

1. e4 c6 2. d4 d5 3. e5 c5 4. dxc5 e6 5. a3 Bxc5 6. b4 {[%emt 0:02:46] B12: Caro-Kann: Advance Variation.} Bb6 7. Qg4 Kf8 (7... Ne7 $5 ) 8. Nf3 {[%emt 0:00:49] White has an edge.} Nc6 9. Bb2 Nh6 10. Qf4 {[%emt 0:01:43] [#]} a6 $146 ({Predecessor:} 10... Qe7 11. Bd3 Bd7 12. Ng5 Bd8 13. Nxh7+ Kg8 14. Nf6+ gxf6 15. exf6 Qxf6 16. Bxf6 {1-0 (16) Zaksaite,S (2261)-Piliczewski,B (1938) Chess.com INT 2022}) 11. Bd3 Qe7 (11... Nf5 $14) 12. Nbd2 $16 Bd7 13. O-O Rc8 14. c4 Bd8 15. Rfe1 g5 16. Qe3 Ng4 {[%emt 0:00:36] [#]} 17. Qe2 dxc4 18. Nxc4 Bc7 (18... h5 $142 19. Bc1 Kg8 20. Bxg5 Nd4 21. Nxd4 Qxg5) 19. h3 $18 Nh6 20. Bc1 Rg8 21. h4 Ng4 22. Bxg5 Rxg5 23. Nxg5 h5 24. Rac1 {[%emt 0:01:36] Black must now prevent Qe4.} b5 25. Nd6 Bxd6 26. exd6 {[%emt 0:00:05] Chess con chili.} Qxd6 {[%emt 0:00:03] ( -> ...Qh2+)} 27. g3 Nd4 28. Rxc8+ Bxc8 29. Qe4 f6 (29... Qb6 {is a better defense.}) 30. Nf3 Nxf3+ 31. Qxf3 Qd4 32. Be4 {[%emt 0:02:08] Against Bb7} f5 {[%emt 0:00:54] [#]} 33. Rd1 $1 Qb6 (33... Qxe4 34. Rd8+) 34. Rd2 {[%emt 0:01:06][%cal Of3c3] Qc3! is the strong threat.} Ke7 35. Qc3 fxe4 36. Qxc8 {[%emt 0:00:50][%mdl 4096] Endgame KQR-KQN} (36. Qg7+ $142 Ke8 37. Qg8+ Ke7 38. Qg5+ Kf7 39. Qxh5+ Kf8 40. Qxg4) 36... Ne5 {[%emt 0:02:25] Threatens to win with ...Nf3+.} 37. Re2 Nc4 38. Rxe4 Nxa3 39. Rf4 Nc4 40. Qh8 (40. Qf8+ $142 Kd7 41. Rf6 Ne5 42. Qg7+ Kd6 {[#]} 43. Rxe6+ $3 Kxe6 44. Qh6+ Kd5 45. Qxb6) 40... Kd6 41. Rd4+ Kc6 42. Qe8+ {[%emt 0:01:16] White took control after the opening.  Weighted Error Value: White=0.29 (precise) /Black=0.71} 1-0

[Event "IX Famalicao Open 2022"]
[Site "Vila Nova de Famalicao"]
[Date "2022.07.27"]
[Round "6.11"]
[White "Marques, Joao Goncalo B A"]
[Black "Paulino, Jose"]
[Result "0-1"]
[ECO "B01"]
[WhiteElo "1474"]
[BlackElo "2032"]
[Annotator "TA"]
[PlyCount "108"]
[EventDate "2022.07.25"]
[EventType "tourn"]
[EventCountry "POR"]
[SourceTitle "playchess.com"]
[Source "ChessBase"]
[SourceQuality "1"]
[TimeControl "5400+30"]

1. e4 d5 2. exd5 Nf6 3. Nf3 Nxd5 4. d4 Bg4 5. Be2 e6 6. O-O Be7 7. Nbd2 Nf4 {B01: Scandinavian Defence.} 8. Bb5+ c6 {[#]} 9. Ba4 $146 ({Predecessor:} 9. Bc4 O-O 10. c3 Qc7 11. Ne4 c5 12. h3 Bh5 13. Ng3 Bg6 14. Ne5 Nd5 15. Bxd5 exd5 16. Nxg6 hxg6 17. dxc5 Qxc5 {0-1 (49) Lian,M (1855)-Bukhteeva,V (2110) Budva 2019}) 9... Qa5 {The position is equal.} 10. c3 Qh5 11. g3 Nh3+ 12. Kg2 $1 ({Not} 12. Kh1 $2 e5 13. Kg2 Ng5 $17) 12... Ng5 $36 {[%cal Oe6e5][%mdl 2048] Black has some pressure.} 13. h4 Bh3+ 14. Kg1 Nxf3+ 15. Nxf3 Bxf1 16. Kxf1 Nd7 17. Qd3 Nb6 18. Bd1 Qb5 19. Qxb5 cxb5 20. Be2 a6 21. Ne5 Rc8 22. Bd2 f6 23. Nd3 Nc4 24. Bf4 Bd6 25. Bxd6 Nxd6 26. Nc5 Kf7 27. Bf3 Rc7 28. a4 bxa4 29. Rxa4 Re8 30. Ke2 g6 ({Black should try} 30... a5 $19 31. Kd2 b6) 31. Kd2 (31. Kd3 $17 {was worth a try.}) 31... f5 32. Nd3 Kf6 33. Ne5 (33. Ra1 $17) 33... Nf7 $19 34. Nd3 e5 {aiming for ...e4.} 35. Nb4 Kg7 36. Nd5 Rd7 37. Nb6 Rdd8 38. Bxb7 (38. d5 {is a better defense.}) 38... Rb8 39. Bc6 {[#]} Re6 ({Weaker is} 39... Rxb6 40. Bxe8 Nd6 41. Bd7 Rxb2+ 42. Ke3 $11) 40. Nd7 $2 (40. d5 Rxc6 41. dxc6 Rxb6 42. c7) 40... Rxb2+ {Black is clearly winning.} 41. Kc1 {Hoping for d5.} Rxf2 ({And not} 41... Rxc6 42. Kxb2 exd4 43. Rxd4 $11) 42. d5 Re7 {...e4 is the strong threat.} 43. Rxa6 e4 {Threatens to win with ...e3.} 44. Nc5 e3 45. Ne6+ Kh6 {Strongly threatening ...Rf1+.} 46. Bb5 {Prevents Rf1+.} Rb7 {( -> ...Ne5)} 47. Nd4 {[#]} Rxb5 $1 48. Nxb5 {[%mdl 4096] Endgame KRN-KRN} Rf1+ 49. Kc2 e2 50. Re6 e1=Q 51. Rxe1 Rxe1 52. d6 Kg7 53. c4 Kf6 54. Nd4 Nxd6 {Weighted Error Value: White=0.49/Black=0.15 (very precise)} 0-1

[Event "IX Famalicao Open 2022"]
[Site "Vila Nova de Famalicao"]
[Date "2022.07.27"]
[Round "6.12"]
[White "Pina, Tiago"]
[Black "Prochaieva, Alina"]
[Result "1-0"]
[ECO "B42"]
[WhiteElo "1897"]
[BlackElo "1585"]
[Annotator "NA RC COMBH"]
[PlyCount "131"]
[EventDate "2022.07.25"]
[EventType "tourn"]
[EventCountry "POR"]
[SourceTitle "playchess.com"]
[Source "ChessBase"]
[SourceQuality "1"]
[TimeControl "5400+30"]

1. e4 c5 2. Nf3 e6 3. d4 cxd4 4. Nxd4 a6 5. Bd3 g6 6. Nc3 Bg7 7. Be3 d6 8. Qe2 Nf6 9. O-O-O b5 10. a3 Bb7 11. g4 Qc7 12. Bxb5+ Nbd7 13. Bxd7+ Nxd7 14. h4 Nb6 15. h5 Nc4 16. h6 Bf8 17. Bd2 Rc8 18. Nb3 a5 19. a4 Ba6 20. f4 Qc6 21. Qf2 Kd7 22. f5 Be7 23. g5 Rhf8 24. Kb1 Rb8 25. Qd4 e5 26. Qf2 Qb7 27. Nd5 Nxd2+ 28. Qxd2 Rfd8 29. f6 Bf8 30. Qxa5 Bc4 31. Rh3 Rdc8 32. Qd2 Qa7 33. Ne7 Bxe7 34. fxe7 d5 35. exd5 Qxa4 36. Qe3 Ra8 37. Kc1 Bxb3 38. Qxb3 Qf4+ 39. Re3 Ra1+ 40. Kd2 Qf2+ 41. Re2 Qd4+ 42. Qd3 Qb4+ 43. c3 Qxb2+ 44. Qc2 Rxd1+ 45. Kxd1 Qa1+ $2 (45... Qa3 $1 $11 46. Rxe5 Ke8) 46. Kd2 Rb8 47. Kd3 Qa6+ 48. c4 Kxe7 49. Qa2 Qb6 50. Rxe5+ Kd8 51. Re1 Qc7 52. Qa4 Qd7 53. Qxd7+ Kxd7 54. Kd4 Kd6 55. Ra1 Rb2 56. Ra6+ Kd7 57. Ra7+ Ke8 58. d6 Rd2+ 59. Kc5 Rc2 60. Re7+ Kf8 61. Re5 Rd2 62. Rd5 Ra2 63. d7 Ra5+ 64. Kb6 Rxd5 65. cxd5 Ke7 66. Kc7 1-0

[Event "IX Famalicao Open 2022"]
[Site "Vila Nova de Famalicao"]
[Date "2022.07.28"]
[Round "7.1"]
[White "Martinez Duany, Lelys Stanley"]
[Black "Abdisalimov, Abdimalik"]
[Result "1/2-1/2"]
[ECO "A33"]
[WhiteElo "2497"]
[BlackElo "2437"]
[Annotator "TA"]
[PlyCount "72"]
[EventDate "2022.07.25"]
[EventType "tourn"]
[EventCountry "POR"]
[SourceTitle "playchess.com"]
[Source "ChessBase"]
[SourceQuality "1"]
[TimeControl "5400+30"]

1. Nf3 c5 2. c4 Nc6 3. d4 cxd4 4. Nxd4 Nf6 5. Nc3 e6 6. e3 Bb4 7. Bd2 O-O 8. Be2 d5 9. Nxc6 {has lost popularity (9.cxd5).} bxc6 10. O-O {A32: Symmetrical English: 2 Nf3 Nf6 3 d4 cxd4 4 Nxd4 e6.} e5 11. Qa4 {[#]} Qe7 $146 (11... Rb8 $11) ({Predecessor:} 11... Qb6 12. cxd5 cxd5 13. Qb3 Rb8 14. a3 Be7 15. Qxb6 Rxb6 16. b4 Bd7 17. Rfc1 d4 {½-½ (59) Balokas,D (2208)-Nikolaidis,K (2178) Larisa 2021}) 12. Rfe1 (12. a3 $14 Bxc3 13. Bxc3) 12... Bd7 13. Qc2 Rab8 14. Rad1 Rfd8 15. Na4 Bxd2 16. Rxd2 d4 17. exd4 exd4 18. Rdd1 (18. Rxd4 $11 c5 19. Rdd1) 18... c5 $17 19. Bf3 Qd6 20. Nc3 Qb6 21. Ne4 Nxe4 22. Bxe4 Qxb2 23. Bxh7+ Kh8 24. Qe4 {[#] aiming for Qh4.} Qb6 {Hoping for ...Qf6.} (24... Qxa2 $2 25. Qh4 Be6 26. Bb1+ Kg8 27. Qh7+ Kf8 28. Bxa2 $18) 25. Bf5 Qf6 (25... Ba4 $5 26. Rb1 Qf6 27. Rxb8 Rxb8 $11) 26. Bxd7 Rxd7 27. Rd3 {White wants to mate with Rh3+.} g6 {[%cal Od7e7] ...Re7! is the strong threat.} 28. g4 (28. h4 $11) 28... Kg8 (28... Kg7 $15 {should be considered.} 29. Rf3 Qd6) 29. Kg2 Rd6 (29... Rbb7 $15) 30. Rf3 $11 Qg7 (30... Qg5 $11 {remains equal.} 31. h4 Qd8) 31. Qf4 {White is more active.} ({Better is} 31. Qe7 $16 Rbd8 32. Qxa7) 31... Rbd8 32. Re5 d3 {[#] Threatens to win with ...Rd4.} 33. Re8+ $1 Rxe8 34. Qxd6 Re4 35. Rxd3 {Black must now prevent Qb8+.} Rxg4+ 36. Rg3 Qd4 {Weighted Error Value: White=0.19 (very precise) /Black=0.22 (precise)} 1/2-1/2

[Event "IX Famalicao Open 2022"]
[Site "Vila Nova de Famalicao"]
[Date "2022.07.28"]
[Round "7.2"]
[White "Aditya Mittal"]
[Black "Rodriguez Lopez, Rafael"]
[Result "1-0"]
[ECO "E71"]
[WhiteElo "2480"]
[BlackElo "2172"]
[Annotator "TA"]
[PlyCount "79"]
[EventDate "2022.07.25"]
[EventType "tourn"]
[EventCountry "POR"]
[SourceTitle "playchess.com"]
[Source "ChessBase"]
[SourceQuality "1"]
[TimeControl "5400+30"]

1. d4 Nf6 2. c4 g6 3. Nc3 Bg7 4. e4 d6 5. h3 O-O 6. Be3 c5 7. Nf3 Qa5 {[%emt 0:01:02] E90: King's Indian: Classical: Early deviations and 6 h3.} 8. Bd3 $1 {[%emt 0:00:05] 8.Bd3 is better than 8.Qd2.} Nfd7 9. Be2 {[%emt 0:00:07] [#]} e5 $146 ({Better is} 9... cxd4 $14 10. Nxd4 Nc6) ({Predecessor:} 9... cxd4 10. Nxd4 Nc6 11. O-O Nxd4 12. Bxd4 Bxd4 13. Qxd4 Qc5 14. Qd2 Nf6 15. Rfe1 Be6 {½-½ (105) Rodshtein,M (2695)-Pichot,A (2565) Douglas 2017}) 10. d5 $1 $16 Na6 11. g4 Qd8 12. h4 {[%emt 0:03:10][%cal Bh3h4,Bh4h5][%mdl 32] White is more active.} Nf6 13. Nd2 Nc7 14. h5 a6 15. a4 b6 16. f3 Rb8 17. Bd3 Bd7 18. Qe2 Qe7 19. Qh2 Rb7 20. Ne2 (20. h6 $142 Bh8 21. Bg5) 20... b5 {[%emt 0:01:38] A mistake that costs the game.} (20... Rfb8 $16 {is a better defense.} 21. Ng3 Bf8) 21. axb5 $1 $18 axb5 {[%emt 0:00:53] [#]} 22. g5 $1 Nxh5 {[%emt 0:06:59] White must now prevent ...f5.} 23. Ng3 bxc4 24. Nxh5 (24. Nxc4 Rfb8) 24... gxh5 {[#]} 25. Qxh5 $1 Rfb8 26. Nxc4 Rb3 $2 (26... Kf8 27. Qxh7 Bb5) 27. Bc2 R3b4 28. b3 Nb5 (28... Kf8 $142 29. Qxh7 Ne8) 29. Qxh7+ Kf8 30. g6 {[%emt 0:01:15] Threatens to win with gxf7.} fxg6 31. Qxg6 Nd4 32. Kd2 {[%emt 0:02:42] Strongly threatening Bxd4.} ({Not} 32. Bxd4 exd4 33. Ra7 (33. Qxd6 $2 Qxd6 34. Nxd6 d3 $19) (33. Nxd6 d3 $11) 33... R4b7 34. Rxb7 Rxb7 $18) 32... Nxc2 $2 (32... Be8 33. Qxd6 Qxd6 34. Nxd6 R8b6) 33. Kxc2 {[%emt 0:05:18] Hoping for Bh6.} Rxb3 34. Rag1 {[%emt 0:01:17][%cal Oh1h8] Rh8+! would kill now.} Qf6 35. Qxf6+ Bxf6 36. Rh7 {[%emt 0:00:03] White wants to mate with Bh6+.} Rxe3 37. Nxe3 Ba4+ 38. Kc1 {[%emt 0:00:29] Intending Nf5 and mate.} Rb3 39. Nf5 Rc3+ 40. Kb2 {[%emt 0:00:25] Weighted Error Value: White=0.22 (precise) /Black=0.80} (40. Kb1 $142 Rb3+ 41. Ka2 Rxf3 42. Nxd6 Be8 43. Nxe8 c4 {[#]} 44. d6 $1 Rf2+ 45. Ka3) 1-0

[Event "IX Famalicao Open 2022"]
[Site "Vila Nova de Famalicao"]
[Date "2022.07.28"]
[Round "7.3"]
[White "Akhvlediani, Irakli"]
[Black "Petkov, Vladimir"]
[Result "1/2-1/2"]
[ECO "E11"]
[WhiteElo "2429"]
[BlackElo "2470"]
[Annotator "TA"]
[PlyCount "129"]
[EventDate "2022.07.25"]
[EventType "tourn"]
[EventCountry "POR"]
[SourceTitle "playchess.com"]
[Source "ChessBase"]
[SourceQuality "1"]
[TimeControl "5400+30"]

1. d4 Nf6 2. c4 e6 3. Nf3 Bb4+ 4. Nbd2 O-O 5. a3 Be7 6. e4 d6 {[%emt 0:00:19][%cal Oe6e5] E11: Bogo-Indian.} 7. Be2 $1 {[%emt 0:00:09] 7.Be2 scores better than 7.Bd3.} c5 8. d5 Nbd7 {[%emt 0:00:34] White is slightly better.} 9. Qc2 e5 10. h3 g6 11. g4 {[%emt 0:00:56] [#]} h5 $146 ({Predecessor:} 11... Ne8 12. Nf1 Ng7 13. Bh6 Nf6 14. Bd3 Kh8 15. Ng3 a6 16. a4 b6 17. b3 Bd7 18. Qb1 Bc8 19. Qc2 Ng8 20. Be3 Nf6 {½-½ (20) Galunova,T (2164)-Stillger,B (2332) Tegernsee 2017}) 12. Nf1 ({White should play} 12. Nh2 $14) 12... Kg7 (12... hxg4 $11 13. hxg4 Nxg4) 13. Rg1 hxg4 14. hxg4 Rh8 15. Bd2 Nh7 {[%emt 0:07:58] [#]} 16. g5 $1 a6 17. a4 b6 (17... Kg8 $142) 18. Ne3 $16 Kg8 (18... Nxg5 $2 19. Nxg5 Bxg5 {[#]} 20. Rxg5 $1 $18 ) 19. Nd1 Nhf8 20. Nc3 Rh3 21. O-O-O (21. Be3 $16) 21... Nh7 (21... b5 $1 $14) 22. Be3 Ndf8 (22... b5 $1 $14) 23. Qd2 Bd7 24. Kc2 Qc8 25. Rg2 (25. Ra1 $18) 25... Qe8 26. Ra1 Rb8 27. b3 Qc8 28. Kb2 Bd8 (28... Qd8 $16 {keeps fighting.} 29. Rag1 f6 30. gxf6 Bxf6) 29. Qd1 Rb7 30. Ng1 Rh1 (30... Rxe3 $16 31. fxe3 Bxg5) 31. Bg4 $2 (31. f4 $18) 31... Be7 (31... Bxg4 $11 32. Qxg4 Qxg4 33. Rxg4 f6) 32. Bxd7 Qxd7 33. Qg4 ({White should try} 33. Rc1 $16) 33... Rh5 $14 34. Qxd7 Nxd7 35. Nf3 Rh3 36. Nd2 Rh5 37. Rag1 Rb8 38. Nf3 Kg7 39. Rg3 Rh8 40. Bd2 Bd8 41. Kc2 Nhf8 42. Kd3 Rh3 43. Ne2 R3h5 44. Nc3 Rh3 45. Ne2 R3h5 $1 46. Bc3 Kg8 47. Bd2 Kg7 $1 48. Be3 Nb8 49. Nd2 Rh3 50. f4 Nbd7 51. f5 R8h5 52. f6+ Kg8 53. Nf3 Nh7 54. Rxh3 Rxh3 55. Ng3 Kf8 56. Ke2 Ke8 57. Kf2 {[%emt 0:00:04] Strongly threatening Kg2.} Nhf8 58. Kg2 Rh7 59. a5 (59. Nd2 $16) 59... bxa5 $11 60. Ra1 Nb8 (60... Nb6 $1 $11) 61. Bd2 {[%emt 0:00:12][%mdl 1024] White has strong compensation.} Kd7 62. Nh2 {[%emt 0:00:51] 0x0.001eb84b515adp-1022s more active pieces. The black rooks are badly placed.} Rh4 63. Nf3 Rh7 64. Nh2 Rh4 $1 65. Nf3 {[%emt 0:00:29] Black defended with fortune.  Weighted Error Value: White=0.25 (precise) /Black=0.16 (very precise)} (65. Ra2 $16) 1/2-1/2

[Event "IX Famalicao Open 2022"]
[Site "Vila Nova de Famalicao"]
[Date "2022.07.28"]
[Round "7.4"]
[White "Nigmatov, Ortik"]
[Black "Umetsubo, Cesar Hidemitsu"]
[Result "1-0"]
[ECO "B12"]
[WhiteElo "2437"]
[BlackElo "2405"]
[Annotator "TA"]
[PlyCount "63"]
[EventDate "2022.07.25"]
[EventType "tourn"]
[EventCountry "POR"]
[SourceTitle "playchess.com"]
[Source "ChessBase"]
[SourceQuality "1"]
[TimeControl "5400+30"]

1. e4 c6 2. d4 d5 3. e5 Bf5 4. Nf3 e6 5. Be2 Ne7 6. O-O c5 {6...h6 gains popularity.} 7. c4 dxc4 8. Nc3 {B12: Caro-Kann: Advance Variation.} Nbc6 9. Bg5 {[#] Threatens to win with Nb5.} a6 {[%cal Rc5d4] Prevents Nb5.} 10. Nd2 {[%cal Bf3d2,Bd2c4,Bc4a5,Ba5b7,Bb7c5][%mdl 32] The position is equal.} Qxd4 {[#]} (10... cxd4 {[#]} 11. Nxc4 $1 Qb8 12. Nd6+ Kd7 13. Nxf7 $18) 11. Nxc4 $146 ({Predecessor:} 11. Be3 Qd8 12. Nxc4 Nd5 13. Bf3 Nxe3 14. fxe3 Bd3 15. Qa4 Qc7 16. Nb5 axb5 17. Bxc6+ Qxc6 18. Qxa8+ {1-0 (29) Sjugirov,S (2652)-Esipenko,A (2571) Moscow 2018}) 11... Qxd1 (11... Nd5 $2 12. Qb3 Ndb4 13. Rad1 $18) 12. Rfxd1 {Nd6+ is the strong threat.} Nc8 (12... Ng6 $14) 13. Bf3 {0x0.001e3b1258fddp-1022s more active pieces. The black rooks are badly placed.} Be7 14. Bxc6+ bxc6 15. Bxe7 $40 {[%mdl 128] Black is in trouble.} Kxe7 16. Na5 Na7 17. b3 Rhd8 18. Nb7 {[%csl LRc5,LRd8] Pair of Knights!} Rxd1+ 19. Rxd1 f6 (19... c4 $1 $14) 20. Nxc5 $16 {Hoping for Rd7+.} fxe5 21. Rd7+ Kf6 22. a4 {Prevents Nb5.} a5 (22... Nc8 $142 23. Rc7 Ne7) 23. N3e4+ $18 Bxe4 24. Nxe4+ {[%mdl 4096] Endgame KRN-KRN} Kg6 25. Nc5 {[%mdl 1024] White has strong compensation.} Kf6 (25... Nc8 $142 26. Rc7 (26. Nxe6 Kf6 $16) 26... Nb6 27. Rxc6 (27. Nxe6 Rc8 $16) 27... Nd5) 26. f3 h6 (26... Nc8 $142 27. Ne4+ Kg6) 27. Rc7 g5 (27... Nc8 $142 28. Rxc6 Kf7 29. Rxe6 Ne7 30. Rxe5 Nc6) 28. Kf2 h5 29. Ke3 Kf5 30. Ne4 {White threatens Rg7 and mate.} Nc8 $2 (30... Kg6 $18 31. Re7 g4 32. Rxe6+ Kf7 33. Rxe5 gxf3 34. Kxf3 Rb8 35. Nd6+ Kf6 36. Rxa5 Ke6) 31. Rg7 g4 32. Rg5# {Weighted Error Value: White=0.14 (very precise) /Black=0.59} 1-0

[Event "IX Famalicao Open 2022"]
[Site "Vila Nova de Famalicao"]
[Date "2022.07.28"]
[Round "7.5"]
[White "Campora, Daniel H."]
[Black "Krishna C R G"]
[Result "0-1"]
[ECO "C07"]
[WhiteElo "2397"]
[BlackElo "2430"]
[Annotator "TA"]
[PlyCount "118"]
[EventDate "2022.07.25"]
[EventType "tourn"]
[EventCountry "POR"]
[SourceTitle "playchess.com"]
[Source "ChessBase"]
[SourceQuality "1"]
[TimeControl "5400+30"]

1. e4 e6 2. d4 d5 3. Nd2 c5 4. exd5 Qxd5 5. Ngf3 cxd4 6. Bc4 Qd7 {[%emt 0:00:07] C07: French Tarrasch: 3...c5, 4 Ngf3 and 4 exd5 Qxd5.} 7. Nb3 Qc7 8. Qe2 Bb4+ {[%emt 0:00:34] The position is equal.} 9. Bd2 Bxd2+ 10. Nbxd2 Nc6 11. Nb3 Nf6 {[#]} 12. Nbxd4 $146 ({Predecessor:} 12. O-O-O O-O 13. Nbxd4 Nxd4 14. Rxd4 Bd7 15. Rh4 Rfd8 16. Ne5 Be8 17. Bd3 g6 18. Re1 Qe7 19. Qe3 Nd7 20. Qh6 Nf8 21. Nf3 {½-½ (21) Nemeth,M (2473)-Tratar,M (2503) Bol 2013}) 12... Nxd4 13. Nxd4 O-O 14. Nb5 Qc5 15. O-O-O Bd7 16. Nc3 {[%emt 0:11:33] Prevents Nd5.} b5 17. Bxb5 Bxb5 18. Nxb5 Rab8 19. Nd4 Qd5 20. c4 Rfc8 21. b3 a5 22. Kb2 (22. Qf3 $11 {was preferrable.}) 22... Rxc4 23. Nc2 (23. Nf3 $1 $11 Qc6 24. Ne5) 23... Re4 $36 {[%emt 0:00:15][%mdl 2048] White is under strong pressure. Black is more active.} 24. Rxd5 Rxe2 25. Rxa5 Rc8 (25... Rxf2 $17 {Threatens to win with ...Rc8.} 26. Kb1 Rxg2) 26. Rc1 $11 Rxf2 27. Ra4 (27. Kb1 $11 {was the only way to keep the balance.}) 27... Rxg2 $17 28. Rc4 Rxc4 29. bxc4 {[%emt 0:00:07][%mdl 4096] Endgame KRN-KRN} Ne4 ({Black should try} 29... Rxh2 $17 30. Kc3 Ne4+ 31. Kb4 Rh5) 30. Ka3 $2 (30. a4 $1 $11 {and White has nothing to worry.}) 30... Kf8 31. Nd4 (31. Kb4 $17) 31... Rd2 32. Nb3 Rd8 33. c5 {[%emt 0:00:40] [#]} Ra8+ $1 34. Kb2 {[%emt 0:00:03] [#]} (34. Kb4 $17) 34... Ke7 (34... e5 $1 $19 {...Ke7 is the strong threat.} 35. c6 Ke7) 35. Rc4 (35. Nd4 $17) 35... f5 $19 36. a4 g5 37. Ka3 (37. Nd4 $142) 37... g4 38. Nd4 h5 39. c6 h4 40. Rc2 g3 (40... f4 $142 {And now ...f3 would win.} 41. c7 Kd7) 41. hxg3 $2 (41. c7 {was necessary.} Rc8 42. Nf3) 41... hxg3 42. Kb4 Rg8 43. c7 $2 (43. a5) 43... Kd7 44. a5 Nd6 45. Nf3 g2 46. Rc1 (46. Ng1) 46... Rg4+ 47. Kc5 Kxc7 48. a6 (48. Ng1 $142) 48... Ra4 49. Rc2 Rxa6 {[%emt 0:00:59] ( -> ...Rc6+)} 50. Rxg2 Ne4+ 51. Kd4 Kd6 {[%emt 0:00:06] White must now prevent ...Ra4+.} 52. Rg8 (52. Ne5 {is a better defense.}) 52... Ra4+ 53. Ke3 Nf6 54. Rd8+ Ke7 55. Rd2 (55. Rb8) 55... Ra3+ {[%emt 0:00:15] Black is clearly winning.} 56. Ke2 Ng4 {[%emt 0:00:02] Inhibits Ne5.} 57. Nd4 Kf6 58. Kf1 (58. Nc2 $142 Rc3 59. Nb4) 58... e5 59. Nb5 Rb3 {[%emt 0:00:58] Weighted Error Value: White=0.60/Black=0.35} 0-1

[Event "IX Famalicao Open 2022"]
[Site "Vila Nova de Famalicao"]
[Date "2022.07.28"]
[Round "7.6"]
[White "Das, Sayantan"]
[Black "Pina, Tiago"]
[Result "1-0"]
[ECO "B31"]
[WhiteElo "2449"]
[BlackElo "1897"]
[Annotator "TA"]
[PlyCount "47"]
[EventDate "2022.07.25"]
[EventType "tourn"]
[EventCountry "POR"]
[SourceTitle "playchess.com"]
[Source "ChessBase"]
[SourceQuality "1"]
[TimeControl "5400+30"]

1. e4 c5 2. Nf3 Nc6 3. Bb5 g6 4. c3 Nf6 5. Qe2 Bg7 6. d4 cxd4 7. cxd4 d5 8. e5 Ne4 9. O-O O-O 10. Nc3 Bg4 {[#] aiming for ...Nxd4. B31: Sicilian: 2...Nc6 3 Bb5 g6.} 11. Rd1 Nxc3 12. bxc3 f6 {The position is equal.} 13. e6 Qa5 14. Bxc6 bxc6 {[#]} (14... Qxc3 $2 {[#]} 15. Bxd5 $1 Qxa1 16. Bb2 Qxd1+ 17. Qxd1 $18) 15. h3 $146 ({Predecessor:} 15. Bd2 Qb5 16. Qe3 f5 17. Qf4 Bxf3 18. Qxf3 f4 19. Bc1 Qa6 20. a4 Rf6 21. Re1 {1-0 (44) Tokhirjonova,G (2350)-Vantika,A (2225) Abu Dhabi 2018}) 15... Bxf3 (15... Qxc3 $2 16. hxg4 Qxa1 17. Qc2 $18 (17. Ba3 Qc3 $15)) 16. Qxf3 Rab8 17. h4 Rfd8 (17... Qa4 $11) 18. h5 $16 {Black must now prevent Rd3.} c5 (18... g5 $16 {was necessary.}) 19. hxg6 $18 hxg6 20. Qd3 Kh7 21. Qh3+ Kg8 22. Rd3 cxd4 $2 (22... Qa4) 23. Rg3 {White wants to mate with Qg4.} f5 {Against Qg4} 24. Bh6 {Weighted Error Value: White=0.10 (very precise) /Black=0.29 (precise)} 1-0